 Dungeon Crawl Stone Soup version 0.29.1-1-gd02db6906a (webtiles) character file.

Game seed: 432956875669944939

31 H0rd4k the Insei (level 3, -3/23 HPs)
             Began as an Octopode Transmuter on Oct 17, 2022.
             Slain by a goblin
             ... wielding a +0 club
             ... led by Robin
              (4 damage)
             ... on level 1 of the Dungeon.
             The game lasted 00:00:55 (1315 turns).

H0rd4k the Insei (Octopode Transmuter)              Turns: 1315, Time: 00:00:56

Health: -3/23      AC:  1    Str:  9    XL:     3   Next: 22%
Magic:  6/6        EV: 13    Int: 17    God:
Gold:   71         SH:  0    Dex: 12    Spells: 5/6 levels left

rFire   . . .      SeeInvis .     - Unarmed
rCold   + . .      Faith    .   (no shield)
rNeg    + . .      Spirit   .   (helmet restricted)
rPois   .          Reflect  .   (no amulet)
rElec   .          Harm     .   f - ring of protection from cold
rCorr   .          Rampage  .   g - ring of positive energy
Will    .....                   (no ring)
Stlth   ++........              (no ring)
HPRegen 0.07/turn               (no ring)
MPRegen 0.10/turn               (no ring)
                                (no ring)
                                (no ring)

@: no status effects
A: almost no armour, amphibious, 8 rings, camouflage 1, gelatinous body 1,
(nimble swimmer 1), tentacles
a: no special abilities


You were on level 1 of the Dungeon.
You visited 1 branch of the dungeon, and saw 2 of its levels.

You collected 71 gold pieces.

Inventory:

Missiles
 e - 10 poisoned darts
Jewellery
 f - a ring of protection from cold (left tentacle)
 g - a ring of positive energy (right tentacle)
Scrolls
 b - 2 scrolls of identify {unknown}
 d - a scroll of noise {unknown}
Potions
 a - a potion of lignification
 c - a potion of flight {unknown}


   Skills:
 + Level 1.0 Fighting
 + Level 2.1 Dodging
 + Level 3.9 Unarmed Combat
 + Level 2.3 Spellcasting
 + Level 2.0 Transmutations


You had 5 spell levels left.
You knew the following spells:

 Your Spells              Type           Power      Damage    Failure   Level
a - Beastly Appendage     Tmut           16%        N/A       9%          1

Your spell library contained the following spells:

 Spells                   Type           Power      Damage    Failure   Level
 Wereblood                Tmut           8%         N/A       12%         2
 Spider Form              Tmut/Pois      5%         N/A       36%         3
 Ice Form                 Ice/Tmut       5%         N/A       77%         4


Dungeon Overview and Level Annotations

Branches:
Dungeon (2/15)

Altars:

Annotations:
D:2 Robin


Innate Abilities, Weirdness & Mutations

You cannot wear most types of armour.
You are amphibious.
You can wear up to eight rings at the same time.
Your skin changes colour to match your surroundings (Stealth+).
Your rubbery body absorbs attacks. (AC +1, EV +1)
((You are camouflaged when in or above water. (Stealth+)))
You have tentacles for arms and can constrict up to eight enemies at once.


Message History

You kill the goblin!
Things that are here:
a +0 dagger; a goblin corpse
There is a stone staircase leading up here.
You tentacle-slap the goblin.
You kill the goblin!
Items here: )) ††.
The hobgoblin attacks as you move away! The hobgoblin barely misses you.
The goblin unwields a +0 dagger.
The goblin wields a +0 sling.
The goblin shoots a sling bullet.
The sling bullet barely misses you.
There is a stone staircase leading up here.
You closely miss the hobgoblin. You grab the hobgoblin.
You tentacle-slap the hobgoblin, but do no damage.
You constrict the hobgoblin. The hobgoblin misses you.
You tentacle-slap the hobgoblin.
The hobgoblin is heavily wounded.
You constrict the hobgoblin.
The hobgoblin hits you but does no damage.
You tentacle-slap the hobgoblin.
You kill the hobgoblin!
Robin throws the goblin at you! The goblin barely misses you.
The goblin unwields a +0 sling.
The goblin wields a +0 dagger.
The goblin hits you with a +0 dagger. Robin throws the goblin at you!
The goblin hits you with a +0 club. The goblin hits you with a +0 dagger.
You climb upwards.
There is a stone staircase leading down here.
You tentacle-slap the goblin. You grab the goblin. You squeeze the goblin.
The goblin is heavily wounded.
You constrict the goblin. The goblin hits you with a +0 club.
* * * LOW HITPOINT WARNING * * *
The goblin hits you with a +0 dagger.
* * * LOW HITPOINT WARNING * * *
You tentacle-slap the goblin.
You kill the goblin!
The goblin barely misses you.
Unknown command.
You barely miss the goblin. Your grab misses the goblin.
The goblin hits you with a +0 club.
You die...

#
#................#.###.##.
#
#.###.....................
# #.#
#........###.#####.### #
#.# #.......## #.# ###.###
# #.#
#..#...#####.###......
########.#
#.....................
.........#
##.#########..........
##########
#.###########.#######
#..g@)........# #
############### #


You could see a goblin.

Vanquished Creatures
  A dart slug (D:1)
  2 ball pythons (D:1)
  3 endoplasms (D:1)
  3 goblins
  2 hobgoblins
  5 jackals (D:1)
  2 bats (D:1)
  3 frilled lizards (D:1)
  2 kobolds (D:1)
  3 rats (D:1)
26 creatures vanquished.

Notes
Turn   | Place    | Note
-------+----------+-------------------------------------------
     0 | D:1      | H0rd4k the Octopode Transmuter began the quest for the Orb.
     0 | D:1      | Reached XP level 1. HP: 13/13 MP: 3/3
   186 | D:1      | Reached XP level 2. HP: 11/18 MP: 5/5
  1097 | D:1      | Reached XP level 3. HP: 20/23 MP: 6/6
  1294 | D:2      | Noticed Robin
  1313 | D:1      | HP: 1/23 [goblin/+0 dagger[Robin] (4)]
  1315 | D:1      | Slain by a goblin

Illustrated notes

Levels and vault maps discovered:
D:1:      grunt_arrival_crossed_arrows, layout_loops_ring
D:2:      layout_basic, basic_altar, serial_shops, shop, uniq_sigmund,
          uniq_natasha, uniq_robin

Action                   || total
-------------------------++-------
Melee: Unarmed           ||    55
       Constrict         ||    12
       Tentacles         ||    11
       Punch             ||     1
 Stab: Sleeping          ||     4
Armor: Skin              ||     1
Dodge: Dodged            ||    22
